 Dungeon Crawl Stone Soup version 0.30-a0-629-gd54f4be4f7 (webtiles) character file.

Game seed: 18073509631739184277

21 Chaicat the Trooper (level 2, -6/27 HPs)
             Began as a Minotaur Fighter on Jan 12, 2023.
             Engulfed by a cloud of flame (18 damage)
             ... on level 1 of the Dungeon.
             The game lasted 00:00:58 (478 turns).

Chaicat the Trooper (Minotaur Fighter)               Turns: 478, Time: 00:00:59

Health: -6/27      AC:  7    Str: 20    XL:     2   Next: 65%
Magic:  1/1        EV:  9    Int:  5    God:
Gold:   35         SH:  4    Dex:  9    Spells: 1/1 levels left

rFire   . . .      SeeInvis .    a - +0 war axe
rCold   . . .      Faith    .    c - +0 buckler
rNeg    . . .      Spirit   .    b - +0 scale mail
rPois   .          Reflect  .    (helmet restricted)
rElec   .          Harm     .    (no cloak)
rCorr   .          Rampage  .    (no gloves)
Will    .....                    (no boots) Stlth
                                 (no amulet)
HPRegen 0.24/turn                (no ring)
MPRegen 0.07/turn                (no ring)

@: no status effects
A: horns 2, retaliatory headbutt
a: no special abilities


You were on level 1 of the Dungeon.
You visited 1 branch of the dungeon, and saw 1 of its levels.

You collected 35 gold pieces.

Inventory:

Hand Weapons
 a - a +0 war axe (weapon)
Armour
 b - a +0 scale mail (worn)
 c - a +0 buckler (worn)
Scrolls
 e - 4 scrolls of identify
Potions
 d - a potion of might
 g - 2 potions of curing


   Skills:
 + Level 4.0 Fighting
 + Level 2.9 Axes
 + Level 3.9 Armour
 + Level 3.9 Shields


You had one spell level left.
You didn't know any spells.
Your spell library contained the following spells:

 Spells                   Type           Power      Damage    Failure   Level
 Beastly Appendage        Tmut           0%         N/A       89%         1
 Wereblood                Tmut           0%         N/A       96%         2
 Spider Form              Tmut/Pois      0%         N/A       99%         3


Dungeon Overview and Level Annotations

Branches:
Dungeon (1/15)

Altars:


Innate Abilities, Weirdness & Mutations

You have a pair of horns on your head.
You reflexively headbutt those who attack you in melee.


Message History

As you open the door, it creaks loudly!
There is an open door here.
An endoplasm comes into view.
The endoplasm quivers.
Found 2 stones.
You hit the endoplasm but do no damage. You block the endoplasm's attack. x2
You slash the endoplasm!
You kill the endoplasm!
Your Fighting skill increases to level 4!
No target in view!
No target in view!
An endoplasm comes into view.
Found a stone staircase leading down.
The endoplasm quivers.
The endoplasm moves out of view.
e - 4 scrolls labelled BUCVIPLOEMIR (gained 3)
As you read the scroll labelled BUCVIPLOEMIR, it crumbles to dust.
It is a scroll of identify.
g - 2 potions of curing You block the endoplasm's attack.
You slash the endoplasm!
You kill the endoplasm!
No target in view!
There is a stone staircase leading down here.
e - 4 scrolls of identify (gained 1)
You open the door.
A rat and a quokka come into view.
Found a fuming puce potion.
As you read the scroll labelled FEMUMN HUOBLO, it crumbles to dust.
The creatures around you are filled with an inner flame!
It was a scroll of immolation.
You closely miss the quokka. The quokka barely misses you.
You slash the quokka!
The quokka explodes!
The fiery explosion engulfs the rat!!
The fiery explosion engulfs you!
Ouch! That really hurt!
The rat explodes!
You are engulfed in blazing flames.
Ouch! That really hurt!
You die...

.....(.##.#
######+##
######..#.#
..!....# ##...##
......# ##...#
.....# ##.>##
..§§# ##.#. §§§
#... #§# #.#. #@#
#.#. #.# #.#. #.#
#.#.
#.#############.#.
#...............#.
#################.


There were no monsters in sight!

Vanquished Creatures
  A ball python (D:1)
  5 endoplasms (D:1)
  2 giant cockroaches (D:1)
  3 hobgoblins (D:1)
  A kobold (D:1)
  3 quokkas (D:1)
  2 goblins (D:1)
  A rat (D:1)
18 creatures vanquished.

Notes
Turn   | Place    | Note
-------+----------+-------------------------------------------
     0 | D:1      | Chaicat the Minotaur Fighter began the quest for the Orb.
     0 | D:1      | Reached XP level 1. HP: 19/19 MP: 0/0
   127 | D:1      | Reached XP level 2. HP: 27/27 MP: 1/1
   419 | D:1      | Reached skill level 4 in Fighting
   478 | D:1      | Engulfed by a cloud of flame

Illustrated notes

Levels and vault maps discovered:
D:1:      spicycebolla_arrival_transporter_tutorial, layout_basic

Skill      XL: |  1  2 |
---------------+-------+-----
Fighting       | 4 |  4.0
Axes           | |  2.9
Armour         | |  3.9
Shields        | |  3.9

Action                   || total
-------------------------++-------
Melee: War axe           ||    31
       Headbutt          ||     2
  Use: Scroll            ||     2
Armor: Scale mail        ||    14
Dodge: Dodged            ||    11
Block: Buckler           ||     4

Table legend: (Time is in decaauts)
 A = Elapsed time spent in this place.
 B = Non-inter-level travel time spent in this place.
 C = Inter-level travel time spent in this place.
 D = Time resting spent in this place.
 E = Time spent auto-exploring this place.
 F = Levels seen in this place.
 G = Mean time per level.
                   A        B        C        D        E       F      G
               +--------+--------+--------+--------+--------+-----+--------+
         Total |    489 |    489 |      0 |     57 |    320 |   1 |  489.0 |
       Dungeon |    489 |    489 |      0 |     57 |    320 |   1 |  489.0 |
               +--------+--------+--------+--------+--------+-----+--------+

Top non-repeatable levels by time:
     D:1: 489 daAuts
